 Dungeon Crawl Stone Soup version 0.25-a0-482-g9b3b753f3f (webtiles) character file.

Game seed: 2647227461648864110, levelgen mode: deterministic

92917 Notrik the Warrior (level 16, -4/162 HPs)
             Began as a Hill Orc Fighter on Feb 10, 2020.
             Was the Champion of Okawaru.
             Slain by feta's ghost (10 damage)
             ... on level 2 of the Shoals.
             The game lasted 00:52:34 (23214 turns).

Notrik the Warrior (Hill Orc Fighter)              Turns: 23214, Time: 00:52:34

Health: -4/162     AC: 21    Str: 31    XL:     16   Next: 7%
Magic:  0/16       EV:  6    Int: 18    God:    Okawaru [******]
Gold:   1772       SH: 20    Dex:  7    Spells: 15/15 levels left

rFire    + . .     SeeInvis .   W - +11 war axe of Inflation {drain, *Drain rElec rPois Int+5 Dex-3}
rCold    + + +     Gourm    .   w - +3 large shield
rNeg     . . .     Faith    .   C - +1 ice dragon scales
rPois    +         Spirit   +   F - +1 helmet {Int+3}
rElec    +         Reflect  .   q - scarf {rC+ rF+}
rCorr    +         Harm     .   U - +0 pair of gloves {archery}
MR       +....                  Z - +4 pair of boots of the Lair of Beasts {Str+5 Int+2 Stlth+}
Stlth    ..........             y - amulet of guardian spirit
HPRegen  0.37/turn              i - ring of protection from fire
MPRegen  0.15/turn              f - ring of resist corrosion

@: extremely drained
A: no striking features
a: Heroism, Finesse, Renounce Religion


You were on level 2 of the Shoals.
You worshipped Okawaru.
Okawaru was exalted by your worship.
You were hungry.

You visited 5 branches of the dungeon, and saw 22 of its levels.
You also visited: Ossuary.

You collected 2352 gold pieces.
You spent 580 gold pieces at shops.

Inventory:

Hand Weapons
 W - the +11 war axe of Inflation (weapon) {drain, *Drain rElec rPois Int+5 Dex-3}
   (Okawaru gifted it to you on level 2 of the Lair of Beasts)

   A truly terrible weapon, it drains the life of those it strikes.
   It affects your intelligence (+5).
   It affects your dexterity (-3).
   It insulates you from electricity.
   It protects you from poison.
   It causes draining when unequipped.
Armour
 q - a scarf of resistance (worn)
   (Okawaru gifted it to you on level 2 of the Lair of Beasts)
 w - a +3 large shield (worn)
   (You found it on level 2 of the Lair of Beasts)
 C - +1 ice dragon scales (worn)
   (Okawaru gifted it to you on level 9 of the Dungeon)
 F - a +1 helmet of intelligence (worn)
   (You bought it in a shop on level 5 of the Dungeon)
 U - a +0 pair of gloves of archery (worn)
   (Okawaru gifted it to you on level 2 of the Shoals)
 Z - the +4 pair of boots of the Lair of Beasts (worn) {Str+5 Int+2 Stlth+}
   (You bought it in a shop on level 1 of the Orcish Mines)

   It affects your strength (+5).
   It affects your intelligence (+2).
   It makes you more stealthy.
   If you remove this armour, your AC will decrease by 5 (21 -> 16).
Jewellery
 f - a ring of resist corrosion (right hand)
   (You found it on level 1 of the Lair of Beasts)
 i - a ring of protection from fire (left hand)
   (You found it on level 8 of the Dungeon)
 y - an amulet of guardian spirit (around neck)
   (You found it on level 4 of the Dungeon)
Wands
 c - a wand of disintegration (11)
   (You found it on level 3 of the Lair of Beasts)
 d - a wand of iceblast (31)
   (You found it on level 6 of the Dungeon)
 t - a wand of flame (44)
   (You found it on level 6 of the Dungeon)
 u - a wand of paralysis (18)
   (You found it on level 3 of the Dungeon)
 v - a wand of digging (6)
   (You found it on level 6 of the Dungeon)
 x - a wand of acid (4)
   (You found it on level 6 of the Lair of Beasts)
 M - a wand of enslavement (7)
   (You found it on level 1 of the Shoals)
 Q - a wand of polymorph (22)
   (You found it on level 8 of the Dungeon)
 X - a wand of scattershot (3)
   (You found it on level 5 of the Lair of Beasts)
Scrolls
 h - 4 scrolls of fog
 j - 15 scrolls of remove curse {@r2}
 l - 2 scrolls of immolation {!r}
 s - 4 scrolls of enchant weapon
 D - 5 scrolls of fear
 E - 6 scrolls of identify {@r1}
 G - 3 scrolls of magic mapping
 I - a scroll of silence {unknown}
 N - a scroll of amnesia
 O - 5 scrolls of teleportation {@r4}
 S - a scroll of torment {unknown}
 V - a scroll of blinking
Potions
 a - a potion of invisibility {unknown}
 b - 4 potions of degeneration {unknown}
 g - 4 potions of lignification {unknown}
 k - 9 potions of curing {@q1}
 m - 5 potions of flight {unknown}
 n - 3 potions of haste {unknown}
 o - 3 potions of brilliance {unknown}
 p - 5 potions of cancellation {unknown}
 r - 2 potions of berserk rage {unknown}
 z - 3 potions of magic {unknown}
 B - 2 potions of agility {unknown}
 J - 2 potions of resistance {unknown}
 K - 5 potions of mutation {unknown}
 R - 3 potions of might
Miscellaneous
 L - a phantom mirror
Comestibles
 e - 22 rations {!d}


   Skills:
 * Level 19.9(10.9) Fighting
 + Level 15.9(7.7) Axes
 + Level 13.9(6.0) Armour
 + Level 13.9(6.0) Shields


You had 15 spell levels left.
You didn't know any spells.
Your spell library contained the following spells:

 Spells                   Type           Power        Failure   Level  Hunger
 Animate Skeleton         Necr           N/A          99%         1    ##.....
 Pain                     Necr           #...         99%         1    ##.....
 Sublimation of Blood     Necr           #.........   100%        2    ###....
 Ignite Poison            Fire/Tmut/Pois #.......     100%        3    ####...
 Vampiric Draining        Necr           #.........   100%        3    ####...
 Animate Dead             Necr           N/A          100%        4    #####..
 Agony                    Necr           #.......     100%        5    ######.
 Excruciating Wounds      Chrm/Necr      #.........   100%        5    ######.


Dungeon Overview and Level Annotations

Branches:
Dungeon (10/15)            Temple (1/1) D:6            Lair (6/6) D:9
 Shoals (3/4) Lair:2        Snake (0/4) Lair:2        Slime (0/5) Lair:6
    Orc (2/2) D:9             Elf (0/3) Orc:2       Ossuary (visited)

Altars:
Ashenzari
Cheibriados
Dithmenos
Elyvilon
Fedhas
Gozag
Hepliaklqana
Kikubaaqudgha
Makhleb
Nemelex Xobeh
Okawaru
Qazlal
Ru
Sif Muna
Trog
Uskayaw
Vehumet
Wu Jian
Xom
Yredelemnul
Zin
The Shining One
Beogh
Jiyva

Shops:
D:4 (   D:5 %*   D:7 *   Orc:1 [   Orc:2 [(*}%

Annotations:
Shoals:2 feta's ghost, adept MfGl
Shoals:3 exclusion: obsidian statue


Message History

You slash feta's ghost! You block feta's ghost's attack.
You hit feta's ghost but do no damage.
Feta's ghost hits you but does no damage.
You feel drained.
Your shield and ice dragon scales prevent you from hitting feta's ghost.
You block feta's ghost's attack.
You barely miss feta's ghost. You block feta's ghost's attack.
You hit feta's ghost but do no damage. You block feta's ghost's attack.
You closely miss feta's ghost. You block feta's ghost's attack.
You miss feta's ghost.
Feta's ghost hits you but does no damage.
You feel drained.
You miss feta's ghost. You block feta's ghost's attack.
You hit feta's ghost.
Feta's ghost hits you but does no damage.
You feel drained.
You hit feta's ghost but do no damage.
Feta's ghost hits you but does no damage.
You feel drained.
You closely miss feta's ghost.
Feta's ghost hits you but does no damage.
You feel drained.
You closely miss feta's ghost. Feta's ghost barely misses you.
You miss feta's ghost. Feta's ghost hits you!!
* * * LOW HITPOINT WARNING * * *
You feel drained.
* * * LOW HITPOINT WARNING * * *
You feel much better. You block feta's ghost's attack.
You feel better. Feta's ghost hits you!
* * * LOW HITPOINT WARNING * * *
You feel drained.
* * * LOW HITPOINT WARNING * * *
You hit feta's ghost but do no damage.
Feta's ghost hits you but does no damage.
You feel drained.
You hit feta's ghost but do no damage.
Feta's ghost hits you but does no damage.
You feel drained.
Your shield prevents you from hitting feta's ghost.
Feta's ghost hits you.
* * * LOW HITPOINT WARNING * * *
You feel drained.
* * * LOW HITPOINT WARNING * * *
You hit feta's ghost but do no damage. You block feta's ghost's attack. x2
You slash feta's ghost! Feta's ghost hits you!
* * * LOW HITPOINT WARNING * * *
You feel drained.
* * * LOW HITPOINT WARNING * * *
You slash feta's ghost! Feta's ghost hits you!
You die...

≈≈≈≈≈≈≈≈≈≈≈≈≈≈≈≈≈≈≈≈≈≈≈≈≈≈≈≈≈≈≈≈≈
≈≈≈≈≈≈≈≈≈≈≈≈≈≈≈≈≈≈≈≈≈≈≈≈≈≈≈≈≈≈≈≈≈
≈≈≈≈≈≈≈≈≈≈≈≈≈≈≈≈≈≈≈≈≈≈≈≈≈≈≈≈≈≈≈≈≈
≈≈≈≈≈≈≈≈≈≈≈≈≈≈≈..≈≈≈≈≈≈≈≈≈≈≈≈≈≈≈≈
≈≈≈≈.≈≈≈≈≈≈≈≈≈≈..≈≈≈≈≈≈≈≈≈≈≈≈≈≈≈≈
≈≈≈....≈≈.≈≈≈≈≈≈≈≈≈≈≈≈≈≈≈≈≈≈≈≈≈≈≈
≈≈.##...≈≈≈≈≈≈≈..≈≈≈≈≈≈≈≈≈≈≈≈≈≈≈≈
≈≈....≈≈≈≈≈≈≈....≈≈≈≈≈≈≈≈≈≈≈≈≈≈≈≈
≈≈)≈≈≈≈≈≈≈≈≈....@.≈≈≈((.≈≈≈≈≈≈≈≈≈
≈≈≈≈≈≈≈≈≈≈≈≈...(.W...((..≈≈.....≈
≈≈≈(≈≈≈≈≈≈≈≈......^..(#......##..
≈≈≈≈≈≈≈≈≈≈≈≈...##.≈≈.(.....#####.
≈≈≈≈≈(≈≈≈≈.....#.....(...### ##
≈≈≈≈≈≈..≈≈..........≈(..##### #
≈≈≈≈≈≈≈≈≈≈........≈≈(≈..# #.##
≈≈≈≈≈≈≈≈.......#...((...###..#
≈≈≈≈≈≈≈≈.....##..≈....≈≈≈....##


You could see feta's ghost.

Vanquished Creatures
  An acid blob (Lair:6)
  Polyphemus (Shoals:2)
  2 orc warlords
  A merfolk javelineer (Shoals:3)
  The ghost of Neppajuco the Cleaver, a journeyman CeAK of Lugonu (Lair:2)
  An ettin (Orc:2)
  A fire dragon (Lair:6)
  An ogre mage (Orc:1)
  Josephine (Lair:5)
  A catoblepas (Shoals:3)
  5 hydras
  2 merfolk avatars
  A satyr (Shoals:2)
  5 two-headed ogres
  An alligator (Lair:6)
  Urug (Lair:5)
  11 death yaks
  4 sea snakes
  A swamp dragon (Lair:6)
  2 orc knights (Orc:2)
  3 harpies (Shoals:1)
  A lindwurm (Lair:6)
  7 fauns
  7 orc sorcerers
  2 cyclopes (Shoals:3)
  3 manticores
  12 elephants
  5 black mambas
  6 merfolk sirens
  2 water nymphs
  12 spiny frogs
  2 torpor snails (Lair:6)
  5 komodo dragons
  3 rime drakes
  13 polar bears
  8 trolls
  11 merfolk
  3 wind drakes
  Grinder (D:6)
  9 hippogriffs
  A slime creature (Lair:6)
  5 snapping turtles
  9 blink frogs (Lair:2)
  3 raiju (Lair:6)
  7 dream sheep
  Sigmund (D:6)
  3 wyverns
  41 yaks
  4 basilisks
  3 steam dragons (Lair:6)
  5 wraiths (Lair:5)
  8 wargs
  A hungry ghost (D:7)
  3 nagas (Lair:2)
  An acid dragon (Lair:6)
  9 water moccasins
  2 swamp drakes (Lair:6)
  13 porcupines
  12 hell hounds (Lair:6)
  Duvessa (D:7)
  26 orc warriors
  A sky beast (D:6)
  14 black bears
  2 ice beasts (D:9)
  11 ogres
  4 phantoms
  23 wolves
  A necrophage (D:9)
  16 crocodiles
  3 centaurs
  3 big kobolds (D:9)
  10 bullfrogs
  3 gnoll sergeants (D:9)
  Dowan (D:7)
  A scorpion (D:6)
  3 wights (D:5)
  3 killer bees (D:7)
  3 howler monkeys (D:7)
  3 crimson imps
  A quasit (D:9)
  A centaur zombie (D:9)
  2 bullfrog skeletons (D:5)
  2 hounds
  2 human zombies (Ossuary)
  14 orc priests
  5 jellies
  8 iguanas
  5 worker ants
  17 orc wizards
  2 big kobold zombies (Ossuary)
  2 hound zombies (Ossuary)
  2 hound skeletons
  4 mummies (Ossuary)
  A howler monkey zombie (D:6)
  20 gnolls
  7 adders
  3 shadow imps
  3 adder zombies (Ossuary)
  2 worm zombies (D:4)
  4 worms
  4 dart slugs
  A leopard gecko (D:4)
  82 orcs
  A ball python (D:1)
  3 bats
  6 giant cockroaches
  5 goblins
  5 hobgoblins (D:3)
  4 jackals (D:3)
  7 kobolds
  5 quokkas
  A frilled lizard (D:3)
  2 jackal skeletons
  A jackal zombie (Ossuary)
  A kobold zombie (Ossuary)
  A leopard gecko zombie (D:6)
  A quokka skeleton (D:2)
  8 rats
  2 rat zombies
  2 fungi
  5 plants (Lair:6)
676 creatures vanquished.

Vanquished Creatures (others)
  4 dream sheep (Lair:6)
  3 fungi (Lair:2)
  14 plants
21 creatures vanquished.

Grand Total: 697 creatures vanquished

Notes
Turn   | Place    | Note
-------+----------+-------------------------------------------
     0 | D:1      | Notrik the Hill Orc Fighter began the quest for the Orb.
     0 | D:1      | Reached XP level 1. HP: 19/19 MP: 1/1
   188 | D:1      | Reached XP level 2. HP: 27/27 MP: 2/2
   261 | D:1      | Reached skill level 4 in Fighting
   721 | D:2      | Reached XP level 3. HP: 30/33 MP: 3/3
   753 | D:2      | Reached XP level 4. HP: 20/41 MP: 4/4
  1598 | D:3      | Found a white marble altar of Elyvilon.
  1598 | D:3      | Found a glowing golden altar of the Shining One.
  1769 | D:4      | Reached skill level 5 in Fighting
  1783 | D:4      | Reached XP level 5. HP: 46/48 MP: 5/5
  2001 | D:4      | Found a sand-covered staircase.
  2019 | Ossuary  | Entered an ossuary
  2036 | Ossuary  | Reached XP level 6. HP: 29/57 MP: 6/6
  2046 | Ossuary  | Reached skill level 6 in Fighting
  2377 | D:4      | Found a white marble altar of Elyvilon.
  2642 | D:4      | Found Rammomoq's Antique Weapon Emporium.
  2739 | D:4      | Got an ancient leather armour
  2745 | D:4      | Identified the +1 leather armour of the Sunfish {Int+3
                  | SInv} (You found it on level 4 of the Dungeon)
  3202 | D:5      | Entered Level 5 of the Dungeon
  3204 | D:5      | Reached XP level 7. HP: 64/64 MP: 7/7
  3207 | D:5      | Reached skill level 5 in Axes
  3407 | D:5      | Reached skill level 7 in Fighting
  3407 | D:5      | Reached skill level 5 in Shields
  3412 | D:5      | Reached skill level 5 in Armour
  3672 | D:5      | Found Owoeratz's General Store.
  3680 | D:5      | Bought a +0 pair of gloves for 45 gold pieces
  3733 | D:5      | Reached XP level 8. HP: 67/73 MP: 6/8
  3793 | D:5      | Bought a +1 helmet of intelligence for 165 gold pieces
  3820 | D:5      | Found Vistryes's Food Emporium.
  4201 | D:6      | Noticed Grinder
  4207 | D:6      | Reached skill level 8 in Fighting
  4220 | D:6      | Killed Grinder
  4301 | D:6      | Noticed Sigmund
  4310 | D:6      | Killed Sigmund
  4349 | D:6      | Found a staircase to the Ecumenical Temple.
  4372 | Temple   | Entered the Ecumenical Temple
  4437 | Temple   | Became a worshipper of Warmaster Okawaru
  4471 | D:6      | Reached skill level 9 in Fighting
  4597 | D:6      | Found a burning altar of Makhleb.
  4598 | D:6      | Found a radiant altar of Vehumet.
  4607 | D:6      | Reached XP level 9. HP: 76/83 MP: 9/9
  4791 | D:6      | Noticed a troll
  4808 | D:6      | Killed a troll
  4808 | D:6      | Reached * piety under Okawaru
  5119 | D:6      | Reached skill level 10 in Fighting
  5261 | D:7      | Found Siazy's General Store.
  5266 | D:7      | Found a shattered altar of Ashenzari.
  5268 | D:7      | Bought a scroll of enchant armour for 105 gold pieces
  5268 | D:7      | Bought a scroll of fear for 49 gold pieces
  5449 | D:7      | Noticed Duvessa
  5449 | D:7      | Noticed Dowan
  5459 | D:7      | Killed Duvessa
  5468 | D:7      | Killed Dowan
  5484 | D:7      | Reached ** piety under Okawaru
  5709 | D:7      | Reached XP level 10. HP: 87/94 MP: 8/10
  5730 | D:7      | Reached skill level 11 in Fighting
  6330 | D:8      | Found a snail-covered altar of Cheibriados.
  6488 | D:8      | Reached *** piety under Okawaru
  7135 | D:9      | Found a staircase to the Lair.
  7228 | D:9      | Found a staircase to the Orcish Mines.
  7271 | D:9      | Reached **** piety under Okawaru
  7311 | D:10     | Entered Level 10 of the Dungeon
  7637 | D:9      | Reached skill level 12 in Fighting
  8328 | Lair:1   | Entered Level 1 of the Lair of Beasts
  8328 | Lair:1   | Noticed a spiny frog
  8331 | Lair:1   | Noticed a seven-headed hydra
  8336 | Lair:1   | Killed a spiny frog
  8336 | Lair:1   | Reached skill level 10 in Axes
  8336 | Lair:1   | Reached XP level 11. HP: 105/105 MP: 11/11
  8341 | Lair:1   | Killed a two-headed hydra
  8367 | Lair:1   | Found a blossoming altar of Fedhas.
  8389 | Lair:1   | Reached ***** piety under Okawaru
  8589 | Lair:1   | Reached skill level 13 in Fighting
 10034 | Lair:2   | Received a gift from Okawaru
 10081 | Lair:2   | Noticed a four-headed hydra
 10082 | Lair:2   | Found a runed translucent gate.
 10082 | Lair:2   | Found a runed translucent gate.
 10082 | Lair:2   | Found a runed translucent gate.
 10082 | Lair:2   | Noticed Neppajuco's ghost (journeyman CeAK)
 10121 | Lair:2   | Reached skill level 14 in Fighting
 10124 | Lair:2   | Received a gift from Okawaru
 10141 | Lair:2   | Reached XP level 12. HP: 18/117 MP: 2/12
 10157 | Lair:2   | Reached skill level 10 in Shields
 10168 | Lair:2   | Reached skill level 10 in Armour
 10546 | Lair:2   | Found a staircase to the Shoals.
 11151 | Lair:2   | Found a staircase to the Snake Pit.
 11448 | Lair:2   | Noticed a death yak
 11451 | Lair:2   | Noticed a death yak
 11452 | Lair:2   | Noticed a death yak
 11452 | Lair:2   | Noticed a death yak
 11460 | Lair:2   | Killed a death yak
 11506 | Lair:1   | Killed a death yak
 11993 | Lair:2   | Killed a death yak
 11993 | Lair:2   | Reached skill level 15 in Fighting
 12000 | Lair:2   | Killed a death yak
 12342 | Lair:2   | Killed a one-headed hydra
 12345 | Lair:2   | Reached ****** piety under Okawaru
 12376 | Lair:2   | Killed Neppajuco's ghost
 12376 | Lair:2   | Received a gift from Okawaru
 12752 | Lair:2   | Got a jewelled war axe {god gift}
 12753 | Lair:2   | Identified the +11 war axe of Inflation {drain, *Drain
                  | rElec rPois Int+5 Dex-3} (Okawaru gifted it to you on level
                  | 2 of the Lair of Beasts)
 12803 | Lair:3   | Reached XP level 13. HP: 100/128 MP: 9/13
 13553 | Lair:3   | Reached skill level 16 in Fighting
 14513 | Lair:4   | Received a gift from Okawaru
 14514 | Lair:4   | Got a scorched lajatang {god gift}
 15103 | Lair:5   | Noticed Josephine
 15116 | Lair:5   | Killed Josephine
 15214 | Lair:5   | Got an encrusted quarterstaff
 15530 | Lair:5   | Noticed Urug
 15544 | Lair:5   | Killed Urug
 15544 | Lair:5   | Received a gift from Okawaru
 15545 | Lair:5   | Got a polished war axe {god gift}
 15549 | Lair:5   | Identified the +1 war axe "Ciehutz" {drain, rN+ MR+}
                  | (Okawaru gifted it to you on level 5 of the Lair of Beasts)
 15963 | Lair:6   | Entered Level 6 of the Lair of Beasts
 15976 | Lair:6   | Reached skill level 17 in Fighting
 15984 | Lair:6   | Reached XP level 14. HP: 46/140 MP: 2/14
 16328 | Lair:6   | Found a viscous altar of Jiyva.
 16328 | Lair:6   | Noticed an acid blob
 16329 | Lair:6   | Found a runed translucent door.
 16375 | Lair:6   | Received a gift from Okawaru
 16407 | Lair:6   | Got a fine chain mail {god gift}
 16408 | Lair:6   | Identified the +0 chain mail of Bowell {rF+ Str-3 Int+3}
                  | (Okawaru gifted it to you on level 6 of the Lair of Beasts)
 16957 | Lair:6   | Reached skill level 18 in Fighting
 17470 | Lair:6   | Found a shimmering altar of Xom.
 17674 | Lair:6   | Found a staircase to the Slime Pits.
 17700 | Lair:6   | Killed an acid blob
 17997 | Orc:1    | Entered Level 1 of the Orcish Mines
 18004 | D:9      | Received a gift from Okawaru
 18019 | Orc:1    | Noticed an orc warlord
 18445 | Orc:1    | Reached XP level 15. HP: 72/150 MP: 7/15
 18447 | Orc:1    | Killed an orc warlord
 18927 | Orc:2    | Entered Level 2 of the Orcish Mines
 19015 | Orc:1    | Paralysed by an orc sorcerer for 7 turns
 19046 | Orc:1    | Reached skill level 15 in Axes
 19149 | Orc:1    | Found Ureimmem's Antique Armour Shoppe.
 19152 | Orc:1    | Bought a pair of pitted boots for 190 gold pieces
 19162 | Orc:1    | Identified the +4 pair of boots of the Lair of Beasts
                  | {Str+5 Int+2 Stlth+} (You bought it in a shop on level 1 of
                  | the Orcish Mines)
 19316 | Orc:2    | Found Meched's General Store.
 19319 | Orc:2    | Bought a scroll of identify for 26 gold pieces
 19325 | Orc:2    | Found a staircase to the Elven Halls.
 19339 | Orc:2    | Found a roughly hewn altar of Beogh.
 19360 | Orc:2    | Paralysed by an orc sorcerer for 2 turns
 19469 | Orc:2    | Found a roughly hewn altar of Beogh.
 19644 | Orc:2    | Noticed an orc warlord
 19667 | Orc:2    | Killed an orc warlord
 19667 | Orc:2    | Received a gift from Okawaru
 19667 | Orc:2    | Reached skill level 19 in Fighting
 19678 | Orc:2    | Got a jewelled halberd {god gift}
 19719 | Orc:2    | Found Oneopli's Antique Weapon Boutique.
 19720 | Orc:2    | Found a roughly hewn altar of Beogh.
 19721 | Orc:2    | Found Anacihyc's Antique Armour Shop.
 19828 | Orc:2    | Found a roughly hewn altar of Beogh.
 19843 | Orc:2    | Found Qejeumy's Gadget Shoppe.
 19903 | Orc:2    | Found a roughly hewn altar of Beogh.
 19920 | Orc:2    | Found Ruqureru's Food Boutique.
 20309 | Shoals:1 | Entered Level 1 of the Shoals
 20433 | Shoals:1 | Got a slimy hand axe
 20774 | Shoals:1 | Identified the +10 hand axe "Igosh" {venom, Str+4} (You
                  | found it on level 1 of the Shoals)
 21589 | Shoals:2 | Received a gift from Okawaru
 22008 | Shoals:2 | Identified the Incunabulum of Ghastly Toxins
 22035 | Shoals:3 | Noticed Polyphemus
 22042 | Shoals:2 | Killed Polyphemus
 22558 | Shoals:3 | Found a runed translucent gate.
 22558 | Shoals:3 | Found a runed translucent gate.
 22558 | Shoals:3 | Found a runed translucent gate.
 22559 | Shoals:3 | Found an opulent altar of Gozag.
 22560 | Shoals:3 | Noticed feta's ghost (adept MfGl)
 22626 | Shoals:3 | Reached XP level 16. HP: 132/162 MP: 16/16
 23213 | Shoals:2 | HP: 5/162 [feta's ghost (5)]
 23214 | Shoals:2 | Slain by feta's ghost

Levels and vault maps discovered:
D:1:      psy_arrival_statuary, layout_rooms, minmay_split_cup_large
D:2:      layout_loops_cross, minmay_small_reverse_x
D:3:      layout_rooms, chequers_temple_overflow_statue_of_worship, first_ration
D:4:      layout_basic, enter_ossuary_3, serial_shops, nicolae_shop_crystal,
          elyvilon_altar_4, uniq_crazy_yiuf_cottage
D:5:      layout_loops_cross, serial_shops, kennysheep_little_box,
          nicolae_shop_trees, small_statue_intersection
D:6:      minmay_chambers_of_sixes, layout_basic,
          grunt_temple_overflow_lords_of_destruction,
          minmay_temple_entry_gardened_gates, uniq_sigmund, uniq_grinder
D:7:      layout_basic, ashenzari_conservatory_becter, serial_shops, shop,
          minmay_increasing_density, uniq_duvessa
D:8:      layout_basic, overflow_temple_1_default
D:9:      layout_loops_ring, lair_entry_dummy,
          kennysheep_orc_monster_closet_entryway
D:10:     layout_irregular_city
Temple:   nicolae_temple_x_marks_the_god
Lair:1:   wad_woods_04, layout_loops_ring, basic_altar
Lair:2:   layout_loops_ring, minmay_shoals_entry_beasts,
          guppyfry_snake_entry_garden, gammafunk_ghost_split
Lair:3:   beast_lair_carwin_large_2, layout_chaotic_city, hibernation_bobbens,
          grunt_megastairs_5
Lair:4:   layout_loops_ring, infiniplex_staircase_pool_2
Lair:5:   layout_hall_layers, chequers_serial_rivers_large_a, uniq_josephine,
          uniq_urug
Lair:6:   hangedman_lair_caniforms_friends, layout_gridlike,
          guppyfry_lair_end_dragon, slime_altar_2, kb_xom_exploding_sheep
Shoals:1: layout_shoals
Shoals:2: layout_shoals
Shoals:3: layout_shoals, ebering_ghost_gozag, uniq_polyphemus
Orc:1:    layout_caves, serial_shops, nicolae_shop_behind_doors
Orc:2:    grunt_orc_community_town_hall, layout_caves,
          grunt_orc_community_big_house_2, grunt_orc_community_big_house_2,
          grunt_orc_community_house_1, grunt_orc_community_house_3,
          grunt_orc_community_house_2, grunt_orc_community_house_1,
          serial_shops, shop, basic_altar

Skill      XL: |  1  2  3  4  5  6  7  8  9 10 11 12 13 14 15 |
---------------+----------------------------------------------+-----
Fighting       | 4 5 6 7 9 10 12 14 15 17 18 19 | 19.9
Axes           | 3 4 5 7 8 10 11 12 13 14 15 | 15.9
Shields        | 4 5 6 7 8 9 10 12 13 | 13.9
Armour         | 4 5 6 7 8 9 10 12 13 | 13.9

Action                   |  1- 3 |  4- 6 |  7- 9 | 10-12 | 13-15 | 16-18 || total
-------------------------+-------+-------+-------+-------+-------+-------++-------
Melee: War axe           |    74 |   197 |   294 |   554 |  1075 |    88 ||  2282
Invok: Heroism           |       |       |       |     2 |     4 |     1 ||     7
  Use: Scroll            |       |    12 |       |     9 |     4 |       ||    25
       Potion            |       |       |     1 |     8 |       |     2 ||    11
 Stab: Fleeing           |       |       |       |       |     1 |       ||     1
       Petrified         |       |       |       |       |     5 |       ||     5
  Eat: Chunk             |       |     8 |     4 |     6 |    17 |     1 ||    36
       Ration            |       |       |     2 |     5 |     5 |       ||    12
Armor: Scale mail        |    39 |     7 |       |       |       |       ||    46
       Plate armour      |       |   137 |   195 |   344 |   379 |       ||  1055
       Ice dragon scales |       |       |       |       |   159 |    49 ||   208
Dodge: Dodged            |    16 |    34 |    56 |   122 |   157 |    22 ||   407
Block: Shield            |    37 |   121 |   191 |   325 |       |       ||   674
       Large shield      |       |       |       |   147 |  1130 |   146 ||  1423

Table legend:
 A = Non-vault XP
 B = Vault XP
 C = Vault XP percentage of total XP
 D = Non-vault monster count
 E = Vault monster count
 F = Vault count percentage of total count
                 A         B        C        D         E       F
            +---------+---------+-------+---------+---------+-------
      Total |   90053 |   42686 |  32.2 |     435 |     234 |  35.0
            +---------+---------+-------+---------+---------+-------
        D:1 |      14 |       7 |  33.3 |       5 |       4 |  44.4
        D:2 |      63 |      10 |  13.7 |      17 |       4 |  19.0
        D:3 |      42 |       0 |   0.0 |      21 |       0 |   0.0
        D:4 |     160 |      14 |   8.0 |      13 |       3 |  18.8
        D:5 |     805 |       0 |   0.0 |      27 |       0 |   0.0
        D:6 |     736 |    1228 |  62.5 |      20 |       9 |  31.0
        D:7 |     885 |     766 |  46.4 |      12 |       7 |  36.8
        D:8 |     192 |       0 |   0.0 |       6 |       0 |   0.0
        D:9 |    8097 |    1144 |  12.4 |      36 |      19 |  34.5
       D:10 |      34 |     277 |  89.1 |       1 |       1 |  50.0
     Lair:1 |    5205 |       0 |   0.0 |      17 |       0 |   0.0
     Lair:2 |   11045 |    4501 |  29.0 |      33 |      11 |  25.0
     Lair:3 |    3989 |    2545 |  39.0 |      16 |       8 |  33.3
     Lair:4 |    7608 |       0 |   0.0 |      33 |       0 |   0.0
     Lair:5 |    2605 |    2932 |  53.0 |      11 |       7 |  38.9
     Lair:6 |   13439 |   16410 |  55.0 |      44 |      74 |  62.7
   Shoals:1 |    6916 |       0 |   0.0 |      16 |       0 |   0.0
   Shoals:2 |    7147 |    4019 |  36.0 |      15 |       3 |  16.7
   Shoals:3 |   10484 |    2474 |  19.1 |      24 |       3 |  11.1
      Orc:1 |    5757 |       0 |   0.0 |      42 |       0 |   0.0
      Orc:2 |    4830 |    6091 |  55.8 |      26 |      65 |  71.4
    Ossuary |       0 |     268 | 100.0 |       0 |      16 | 100.0
            +---------+---------+-------+---------+---------+-------
